 Dungeon Crawl Stone Soup version 0.25-a0-1073-gf4359a17dd (webtiles) character file.

Game seed: 213091369415416334, levelgen mode: classic

11050 Amnesiac the Fighter (level 11, 0/123 HPs)
             Began as an Ogre Wizard on May 14, 2020.
             Was a High Priest of Okawaru.
             Slain by Rupert
             ... wielding a +2 battleaxe of electrocution
              (42 damage)
             ... on level 13 of the Dungeon.
             The game lasted 00:39:29 (14235 turns).

Amnesiac the Fighter (Ogre Wizard)                 Turns: 14235, Time: 00:39:29

Health: 0/123      AC:  9    Str: 14    XL:     11   Next: 71%
Magic:  10/18      EV: 10    Int: 25    God:    Okawaru [*****.]
Gold:   705        SH:  0    Dex:  7    Spells: 9/20 levels left

rFire    . . .     SeeInvis .   a - +5 dire flail
rCold    . . .     Gourm    .   (shield currently unavailable)
rNeg     + . .     Faith    .   J - +0 steam dragon scales
rPois    +         Spirit   .   h - +2 hat "Neduz" {rElec rPois rN+ Str-2}
rElec    +         Reflect  .   A - +0 cloak
rCorr    .         Harm     .   (gloves unavailable)
MR       +....                  (boots unavailable)
Stlth    ++........             (no amulet)
HPRegen  0.30/turn              i - +6 ring of intelligence
MPRegen  0.16/turn              k - ring of wizardry

@: no status effects
A: large, unfitting armour, tough skin 1
a: Heroism, Finesse, Renounce Religion


You were on level 13 of the Dungeon.
You worshipped Okawaru.
Okawaru was extremely pleased with you.
You were not hungry.

You visited 2 branches of the dungeon, and saw 14 of its levels.

You collected 705 gold pieces.

Inventory:

Hand Weapons
 a - a +5 dire flail (weapon)
 c - the +7 whip of Makhleb's Esteem {freeze, +Blink +Inv Int+3}
   (You found it on level 5 of the Dungeon)

   It has been specially enchanted to freeze those struck by it, causing extra
   injury to most foes and up to half again as much damage against particularly
   susceptible opponents.
   It can also slow down cold-blooded creatures.
   It affects your intelligence (+3).
   It lets you turn invisible.
   It lets you blink.
 K - the +0 mace of Innocence {venom, +Inv Dex+2 SInv}
   (You found it on level 5 of the Dungeon)

   It poisons the flesh of those it strikes.
   It affects your dexterity (+2).
   It lets you see invisible.
   It lets you turn invisible.
 L - a +0 giant club
Missiles
 g - 3 throwing nets
 o - 3 javelins
 s - 55 poisoned darts (quivered)
 B - 2 curare-tipped darts
 N - 8 atropa-tipped darts
Armour
 b - a +0 troll leather armour
 h - the +2 hat "Neduz" (worn) {rElec rPois rN+ Str-2}
   (Okawaru gifted it to you on level 12 of the Dungeon)

   It affects your strength (-2).
   It insulates you from electricity.
   It protects you from poison.
   It protects you from negative energy.
 A - a +0 cloak (worn)
 J - +0 steam dragon scales (worn)
Jewellery
 i - a +6 ring of intelligence (left hand)
 k - a ring of wizardry (right hand)
 m - an uncursed ring of teleportation
 r - an uncursed ring of flight
 M - an uncursed ring of magical power
Wands
 t - a wand of polymorph (4)
 v - a wand of random effects (13)
 w - a wand of flame (44)
 y - a wand of digging (3)
 E - a wand of paralysis (10)
 H - a wand of enslavement (4)
Scrolls
 e - 4 scrolls of remove curse {!r}
 n - a scroll of fog {!r}
 p - 6 scrolls of teleportation {!r}
 u - a scroll of blinking {!r}
 z - 4 scrolls of magic mapping {!r}
 G - a scroll of silence {!r}
Potions
 f - a potion of heal wounds {!q}
 j - a potion of might {!q}
 l - a potion of resistance {!q}
 q - a potion of invisibility {!q}
 x - a potion of flight {!q}
 C - 5 potions of curing {!q}
 D - a potion of lignification {!q}
 F - a potion of brilliance {!q}
Comestibles
 d - 17 rations
 P - 7 chunks of flesh


   Skills:
 - Level 12.0 Fighting
 - Level 12.0 Maces & Flails
 - Level 1.7 Dodging
 - Level 2.0 Stealth
 - Level 5.0 Spellcasting
 - Level 5.0 Conjurations
 - Level 0.8 Summonings
 - Level 0.8 Translocations
 + Level 3.6 Invocations
 + Level 2.6 Evocations


You had 9 spell levels left.
You knew the following spells:

 Your Spells              Type           Power        Failure   Level  Hunger
a - Magic Dart            Conj           ####         1%          1    None
b - Call Imp              Summ           ##......     3%          2    None
e - Mephitic Cloud        Conj/Pois/Air  ##......     5%          3    ##.....
s - Conjure Flame         Conj/Fire      ###.....     3%          3    ##.....
v - Blink                 Tloc           N/A          3%          2    None

Your spell library contained the following spells:

 Spells                   Type           Power        Failure   Level  Hunger
 Foxfire                  Conj/Fire      ###.         1%          1    None
 Slow                     Hex            #.......     4%          2    None
 Inner Flame              Hex/Fire       #.......     10%         3    ##.....
 Sticky Flame             Conj/Fire      ###.....     12%         4    ####...
 Fireball                 Conj/Fire      ###.......   32%         5    #####..


Dungeon Overview and Level Annotations

Branches:
Dungeon (13/15) Temple (1/1) D:5 Lair (0/6) D:8 Vaults (0/5) D:12 D:13 Orc: D:9-12

Altars:
Cheibriados
Elyvilon
Hepliaklqana
Kikubaaqudgha
Okawaru
Wu Jian
Xom
Yredelemnul

Shops:
D:8 (%[%   D:10 *

Annotations:
D:11 Erica
D:13 Nessos, Rupert, Urug


Innate Abilities, Weirdness & Mutations

You are too large for most types of armour.
You have tough skin. (AC +1)


Message History

The vampire gestures at you while chanting.
You are confused.
You feel less confused.
Casting: Conjure Flame (mildly dangerous; 3% risk of failure)
Confirm with . or Enter, or press ? or * to list all spells.
A beastly little devil appears in a puff of frigid air.
Casting: Call Imp (safe; 3% risk of failure)
Confirm with . or Enter, or press ? or * to list all spells.
A beastly little devil appears in a puff of flame.
Casting: Call Imp (safe; 3% risk of failure)
Confirm with . or Enter, or press ? or * to list all spells.
A beastly little devil appears in a puff of flame.
The vampire mumbles some strange words.
The vampire flickers and vanishes!
Deactivating autopickup; reactivate with Ctrl-A.
You swap places.
Something hits your crimson imp! Something misses your crimson imp.
Items here: ! ) [ † a +0 glaive; a +0 chain mail; 2 potions of curing {!q}; an orc corpse
Okay, then.
You butcher the orc corpse.
Something hits your crimson imp. Something bites your crimson imp!
Your crimson imp dies!
Items here: ! % ) [ ÷ a +0 glaive; a +0 chain mail; 2 potions of curing {!q}; 4 chunks of flesh an orc skeleton
C - 5 potions of curing {!q} (gained 2);
P - 7 chunks of flesh (gained 4)
Something closely misses your white imp.
Something misses your white imp. Something hits your white imp!
Something bites your white imp!
Your white imp dies!
Your crimson imp easily resists.
There is a stone staircase leading down, spattered with blood here.
You climb downwards.
Your summoned ally is left behind.
Level annotation: Nessos, Rupert, Urug Reactivating autopickup.
An orc comes into view. It is wielding a +0 club.
The orc shouts!
The human hits you.
A bullfrog skeleton comes into view.
Urug screams, "I'm goin' to kill you!
Now!"
The human hits you but does no damage.
Rupert roars madly and goes into a rage!
Rupert goes berserk!
The human hits you.
* * * LOW HITPOINT WARNING * * *
The human hits you but does no damage. x2; The human hits you.
* * * LOW HITPOINT WARNING * * *
There is a stone staircase leading up here.
Unknown command.
Unknown command.
An orc wizard comes into view. It is wielding a +0 dagger.
Nessos casts a spell.
Nessos seems to speed up.
The human hits you but does no damage. The human completely misses you.
The human misses you.
The cyclops throws a large rock.
The large rock hits you!
* * * LOW HITPOINT WARNING * * *
There is a stone staircase leading up, spattered with blood here.
You see here a large rock.
Unknown command.
The human barely misses you. x2
Urug squints, then shrugs and mutters, "Close enough."
Rupert hits you with a +2 battleaxe of electrocution!!!
You die...

# #. ..
##.###########o#
#..........(....
#...........Z...
#......cp.......
.....ppppp......
#.....pppDpo....
#....Dpp@.......
#.....o@p.......
#.....pp........
##.........C....
#.............#
#..############
#.# #+


You could see Rupert (berserk), a fire dragon, Nessos (fast), an eight-headed
hydra, Urug, a cyclops, 15 humans, an orc wizard, an orc and a bullfrog
skeleton.

Vanquished Creatures
  Gastronok (D:9)
  Harold (D:6)
  A two-headed ogre (D:8)
  Joseph (D:7)
  A centaur skeleton (D:12)
  2 trolls
  A hornet (D:12)
  2 slime creatures (D:12)
  A hippogriff (D:12)
  Sigmund (D:3)
  3 orc warriors
  A wraith (D:10)
  A human (D:12)
  A wyvern (D:12)
  A hungry ghost (D:7)
  A steam dragon (D:10)
  2 vampire mosquitoes (D:12)
  Duvessa (D:6)
  3 sky beasts
  4 ice beasts
  A black bear (D:8)
  5 ogres
  2 phantoms
  A necrophage (D:8)
  2 centaurs
  A boggart (D:6)
  2 big kobolds
  A crocodile (D:8)
  3 bullfrogs
  A gnoll sergeant (D:6)
  Dowan (D:6)
  A scorpion (D:9)
  A wyvern skeleton (D:8)
  A killer bee (D:9)
  16 wights
  5 howler monkeys
  4 crimson imps
  4 hounds
  4 jellies
  Crazy Yiuf (D:2)
  A bullfrog skeleton (D:8)
  4 orc priests
  Ijyb (D:2)
  6 orc wizards
  4 worker ants
  A hound zombie (D:10)
  2 hound skeletons
  2 worker ant zombies
  9 gnolls
  7 adders
  5 adder skeletons
  2 worms
  A dart slug (D:5)
  3 leopard geckos
  34 orcs
  10 bats
  7 giant cockroaches
  10 goblins
  8 hobgoblins
  5 jackals
  19 kobolds
  5 quokkas
  9 frilled lizards
  A jackal skeleton (D:5)
  A quokka skeleton (D:5)
  9 rats
253 creatures vanquished.

Vanquished Creatures (collateral kills)
  The ghost of kae the Frost Mage, a novice MfIE of Okawaru (D:6)
  2 killer bees (D:9)
  Terence (D:3)
  3 adders
  3 worms
  A ball python (D:2)
  A giant cockroach (D:2)
  A frilled lizard (D:2)
13 creatures vanquished.

Vanquished Creatures (others)
  A killer bee (D:9)
  A gnoll (D:7)
2 creatures vanquished.

Grand Total: 268 creatures vanquished

Notes
Turn   | Place    | Note
-------+----------+-------------------------------------------
     0 | D:1      | Amnesiac the Ogre Wizard began the quest for the Orb.
     0 | D:1      | Reached XP level 1. HP: 16/16 MP: 5/5
    17 | D:1      | Reached skill level 1 in Conjurations
   253 | D:1      | Reached XP level 2. HP: 24/24 MP: 2/6
   257 | D:1      | Learned a level 2 spell: Blink
   260 | D:1      | Learned a level 2 spell: Call Imp
   514 | D:2      | Reached XP level 3. HP: 22/31 MP: 0/8
   931 | D:1      | Learned a level 3 spell: Mephitic Cloud
  1599 | D:3      | Reached XP level 4. HP: 32/39 MP: 1/10
  1672 | D:3      | Noticed Terence
  1684 | D:3      | Killed Terence
  2165 | D:3      | Learned a level 3 spell: Conjure Flame
  2178 | D:3      | Noticed Sigmund
  2235 | D:3      | Killed Sigmund
  2235 | D:3      | Reached skill level 1 in Fighting
  2235 | D:3      | Reached skill level 1 in Maces & Flails
  2235 | D:3      | Reached XP level 5. HP: 49/49 MP: 4/12
  2235 | D:3      | Reached XP level 6. HP: 57/57 MP: 4/13
  2706 | D:5      | Entered Level 5 of the Dungeon
  2721 | D:5      | Reached skill level 5 in Spellcasting
  2735 | D:5      | Noticed a sky beast
  2745 | D:5      | Reached XP level 7. HP: 52/66 MP: 11/14
  2789 | D:5      | Found a staircase to the Ecumenical Temple.
  2796 | Temple   | Entered the Ecumenical Temple
  2818 | Temple   | Became a worshipper of Warmaster Okawaru
  3114 | D:2      | Found a runed translucent door.
  3115 | D:2      | Noticed Crazy Yiuf
  3323 | D:2      | Noticed Ijyb
  3332 | D:2      | Killed Ijyb
  3795 | D:2      | Killed Crazy Yiuf
  5505 | D:5      | Reached skill level 5 in Conjurations
  5565 | D:5      | Reached * piety under Okawaru
  5742 | D:5      | Reached XP level 8. HP: 78/78 MP: 15/15
  5831 | D:5      | Got a transparent mace
  5832 | D:5      | Identified the cursed +0 mace of Innocence {venom, +Inv
                  | Dex+2 SInv} (You found it on level 5 of the Dungeon)
  5964 | D:5      | Got a dazzling whip
  6076 | D:5      | Identified the +7 whip of Makhleb's Esteem {freeze, +Blink
                  | +Inv Int+3} (You found it on level 5 of the Dungeon)
  6546 | D:6      | Found a runed translucent door.
  6547 | D:6      | Noticed kae's ghost (novice MfIE)
  6730 | D:6      | Killed kae's ghost
  6730 | D:6      | Reached skill level 5 in Fighting
  6730 | D:6      | Reached skill level 5 in Maces & Flails
  7029 | D:6      | Noticed Maggie
  7093 | D:6      | Noticed Maggie
  7093 | D:6      | Maggie changed into Maggie the boggart
  7108 | D:6      | Killed Maggie the boggart
  7108 | D:6      | Reached ** piety under Okawaru
  7507 | D:6      | Found an ornate altar of the Wu Jian Council.
  7552 | D:6      | Noticed Dowan
  7553 | D:6      | Noticed Duvessa
  7570 | D:6      | Killed Duvessa
  7570 | D:6      | Reached XP level 9. HP: 73/92 MP: 9/16
  7578 | D:6      | Killed Dowan
  7625 | D:7      | Noticed Harold
  7671 | D:6      | Killed Harold
  7671 | D:6      | Reached *** piety under Okawaru
  8324 | D:7      | Noticed Joseph
  8345 | D:7      | Killed Joseph
  8345 | D:7      | Reached XP level 10. HP: 38/107 MP: 11/17
  8638 | D:7      | Found a hazy altar of Hepliaklqana.
  8933 | D:8      | Found Gyjomos's Food Emporium.
  9113 | D:8      | Reached **** piety under Okawaru
  9195 | D:8      | Found a staircase to the Lair.
  9237 | D:8      | Noticed a two-headed ogre
  9557 | D:8      | Found Vilian's Food Shoppe.
  9563 | D:8      | Found Roes's Armour Emporium.
  9754 | D:8      | Found Toazem's Antique Weapon Boutique.
 10013 | D:8      | Killed a two-headed ogre
 10013 | D:8      | Reached skill level 10 in Fighting
 10013 | D:8      | Reached skill level 10 in Maces & Flails
 10569 | D:9      | Paralysed by a wight for 6 turns
 10614 | D:9      | HP: 5/111 [wight/cursed +4 great sword (13)]
 10967 | D:9      | Received a gift from Okawaru
 11655 | D:9      | Found a white marble altar of Elyvilon.
 11665 | D:9      | Noticed Gastronok
 11698 | D:9      | Killed Gastronok
 11698 | D:9      | Reached ***** piety under Okawaru
 11698 | D:9      | Received a gift from Okawaru
 11698 | D:9      | Received a gift from Okawaru
 11698 | D:9      | Reached XP level 11. HP: 64/120 MP: 7/18
 12107 | D:10     | Entered Level 10 of the Dungeon
 12348 | D:10     | Found Cavith's General Store.
 12473 | D:10     | Reached skill level 1 in Invocations
 12747 | D:10     | Reached skill level 1 in Evocations
 13377 | D:11     | Noticed Erica
 14038 | D:12     | Identified the cursed +1 dagger of Honour {vorpal, rPois
                  | rF+ rC- Str+5}
 14060 | D:13     | Found a gate to the Vaults.
 14060 | D:13     | Noticed Nessos
 14060 | D:13     | Noticed a fire dragon
 14060 | D:13     | Noticed Urug
 14060 | D:13     | Noticed Rupert
 14060 | D:13     | Noticed an eight-headed hydra
 14060 | D:13     | Noticed a cyclops
 14077 | D:12     | Received a gift from Okawaru
 14110 | D:12     | Got a faintly glowing hat {god gift}
 14127 | D:12     | Identified the +2 hat "Neduz" {rElec rPois rN+ Str-2}
                  | (Okawaru gifted it to you on level 12 of the Dungeon)
 14235 | D:13     | Slain by Rupert

Illustrated notes

Levels and vault maps discovered:
D:1:      lightli_arrival_lavapool, layout_loops_corners,
          hangedman_decor_slide_cut, chequers_arboretum, minmay_misc_feat_tower
D:2:      kennysheep_the_goblin_king, layout_basic, first_ration, st_stairs_10,
          minmay_cupped, uniq_crazy_yiuf_cottage
D:3:      layout_loops_ring, minmay_diced_spiral, uniq_terence, uniq_sigmund,
          uniq_ijyb
D:4:      layout_basic
D:5:      layout_rooms, minmay_temple_entry_slanted
D:6:      layout_basic, basic_altar, gammafunk_ghost_grave,
          kennysheep_generic_room_15, uniq_maggie, uniq_duvessa
D:7:      layout_rooms, lemuel_round_altar, grunt_ogre_cave, uniq_joseph,
          uniq_harold
D:8:      layout_gridville, lair_entry_dummy, serial_shops, shop,
          nicolae_shop_behind_doors, nicolae_shop_stone, kennysheep_mini,
          minivault_24
D:9:      layout_stronghold, elyvilon_altar_4, uniq_gastronok
D:10:     layout_layer_cave, serial_shops, shop, minmay_misc_feat_rows
D:11:     layout_big_octagon, uniq_josephine, uniq_psyche, uniq_erica
D:12:     layout_basic, minmay_orc_entry_temple_small, serial_shops, shop_coins,
          nrook_guardian_serpent_double
D:13:     layout_roguey [special_room_bee], david_vaults_3,
          lemuel_flamethrower_2
Temple:   minmay_crystal_snake_temple

Skill      XL: |  1  2  3  4  5  6  7  8  9 10 11 |
---------------+----------------------------------+-----
Conjurations   | 1 2 3 4 5 |  5.0
Spellcasting   | 4 5 |  5.0
Fighting       | 1 2 4 6 9 11 12 | 12.0
Maces & Flails | 1 2 3 6 9 11 12 | 12.0
Stealth        | 2 |  2.0
Invocations    | 3 |  3.6
Evocations     | 2 |  2.6
Dodging        | |  1.7
Summonings     | |  0.8
Translocations | |  0.8

Action                   |  1- 3 |  4- 6 |  7- 9 | 10-12 || total
-------------------------+-------+-------+-------+-------++-------
Melee: Unarmed           |     3 |       |       |       ||     3
       Dagger            |    12 |     6 |       |       ||    18
       Morningstar       |       |    68 |       |       ||    68
       Giant spiked club |       |     5 |   120 |    51 ||   176
       Whip              |       |       |   183 |       ||   183
       Dire flail        |       |       |       |   327 ||   327
 Cast: Magic Dart        |    76 |    23 |    63 |    34 ||   196
       Call Imp          |     8 |     6 |     7 |     3 ||    24
       Mephitic Cloud    |       |     6 |    19 |    17 ||    42
       Conjure Flame     |       |       |     2 |     3 ||     5
       Blink             |       |       |     1 |     1 ||     2
Evoke: Wand              |       |       |     1 |     9 ||    10
  Use: Scroll            |     4 |       |     7 |     8 ||    19
       Potion            |       |       |     4 |     6 ||    10
 Stab: Confused          |       |     4 |     2 |     6 ||    12
       Sleeping          |       |       |     4 |       ||     4
       Distracted        |       |       |     2 |       ||     2
  Eat: Chunk             |     2 |     4 |    20 |    13 ||    39
       Ration            |       |       |     1 |     2 ||     3
Armor: Robe              |    16 |    33 |    66 |       ||   115
       Steam dragon scal |       |       |    34 |   131 ||   165
       Skin              |       |       |       |     3 ||     3
Dodge: Dodged            |    24 |    56 |   173 |   183 ||   436

Table legend:
 A = Non-vault XP
 B = Vault XP
 C = Vault XP percentage of total XP
 D = Non-vault monster count
 E = Vault monster count
 F = Vault count percentage of total count
                 A         B        C        D         E       F
            +---------+---------+-------+---------+---------+-------
      Total |   10534 |    5253 |  33.3 |     235 |      31 |  11.7
            +---------+---------+-------+---------+---------+-------
        D:1 |      31 |       9 |  22.5 |      21 |       1 |   4.5
        D:2 |      64 |     105 |  62.1 |      18 |      14 |  43.8
        D:3 |      86 |     258 |  75.0 |      31 |       6 |  16.2
        D:4 |     273 |       0 |   0.0 |      12 |       0 |   0.0
        D:5 |     378 |       0 |   0.0 |      11 |       0 |   0.0
        D:6 |     531 |    1685 |  76.0 |      18 |       5 |  21.7
        D:7 |     928 |     565 |  37.8 |      26 |       2 |   7.1
        D:8 |    1922 |       0 |   0.0 |      20 |       0 |   0.0
        D:9 |    1688 |    2421 |  58.9 |      34 |       1 |   2.9
       D:10 |    1544 |       0 |   0.0 |      24 |       0 |   0.0
       D:11 |     414 |       0 |   0.0 |       6 |       0 |   0.0
       D:12 |    2675 |     210 |   7.3 |      14 |       2 |  12.5
            +---------+---------+-------+---------+---------+-------
